 Dungeon Crawl Stone Soup version 0.31-a0-188-g5e087ee2ca (webtiles) character file.

Game seed: 12232165411076679109

568560 mmBingo the Sorcerer (level 24, -3/167 HPs)
             Began as a Demonspawn Ice Elementalist on June 22, 2023.
             Was the Champion of Dithmenos.
             Slain by a bone dragon (13 damage)
             ... on level 5 of the Abyss on June 23, 2023.
             The game lasted 12:26:08 (63694 turns).

mmBingo the Sorcerer (Demonspawn Ice Elementalist) Turns: 63694, Time: 12:26:09

Health: -3/167     AC: 19    Str:  9    XL:     24   Next: 34%
Magic:  41/49      EV: 19    Int: 32    God:    Dithmenos [******]
Gold:   4045       SH:  9    Dex: 20    Spells: 19/68 levels left

rFire   + + .        W - +16 lance "Wyrmbane" {slay drac, rPois rF+ rC+ AC+3}
rCold   + + .        O - +3 buckler {rC+ rF+}
rNeg    + + .        a - +2 robe of the Spheres {Int+3}
rPois   +            (helmet unavailable)
rElec   +            g - +2 cloak {Will+}
rCorr   +            p - +2 pair of gloves
SInv    +            z - +4 pair of boots of the Bouncing Hells {Rampage Will+ Stlth-}
Will    ++++.        E - amulet "Olefroa" {RegenMP rElec rCorr Str-4}
Stlth   +++++        B - ring "Beom" {Wiz rElec Int+3 SInv}
HPRegen 0.47/turn    Z - ring of the Prince of Darkness {Fly rElec rF+ rN++ Will-}
MPRegen 0.71/turn

%: clarity, rampage, wizardry (x2)
@: about to teleport, flying, very slightly contaminated, wreathed by umbra
A: horns 3, hurl damnation, foul stench 3, powered by death 2, torment
resistance 1, big brain 3, demonic willpower, clarity, deformed body,
strong-willed 1, shaggy fur 1, strong 1, heat vulnerability 1
}: 5/15 runes: decaying, slimy, silver, abyssal, gossamer
a: Hurl Damnation, Renounce Religion, Shadow Step, Shadow Form


You were on level 5 of the Abyss.
You worshipped Dithmenos.
Dithmenos was exalted by your worship.
You visited 9 branches of the dungeon, and saw 45 of its levels.
You visited the Abyss 1 time.
You also visited: Gauntlet and Desolation.

You collected 8790 gold pieces.
You spent 4745 gold pieces at shops.

Inventory:

Hand Weapons
 i - the +16 obsidian axe {drain, demonic, Mesm Drain Fly SInv}
   (You found it on level 5 of the Pits of Slime)

   Mesm:      Its wielder is mesmerised by any visible foes, and it cannot be
   unequipped while any foes are visible.
   SInv:      It lets you see invisible.
   Fly:       It grants you flight.
   Drain:     It drains your maximum health when unequipped.
 r - the +2 mace of Reiteafi {speed, rF+}
   (You bought it in a shop on level 2 of the Orcish Mines)

   rF:        It protects you from fire.
 W - the +16 lance "Wyrmbane" (weapon) {slay drac, rPois rF+ rC+ AC+3}
   (You found it on level 5 of the Vaults)

   AC:        It affects your AC (+3).
   rF:        It protects you from fire.
   rC:        It protects you from cold.
   rPois:     It protects you from poison.
Armour
 a - the +2 robe of the Spheres (worn) {Int+3}
   (You bought it in a shop on level 2 of the Depths)

   Int:       It affects your intelligence (+3).
 g - a +2 cloak of willpower (worn)
 p - a +2 pair of gloves (worn)
 z - the +4 pair of boots of the Bouncing Hells (worn) {Rampage Will+ Stlth-}
   (You bought it in a shop on level 2 of the Orcish Mines)

   Rampage:   It bestows one free step when moving towards enemies.
   Will:      It increases your willpower.
   Stlth:     It makes you less stealthy.
 O - a +3 buckler of resistance (worn)
Magical Staves
 f - the staff of Wu Jian's Outrage {rPois rC+ Ice}
   (You found it on level 5 of the Vaults)

   [staff of cold]

   Base accuracy: +5 Base damage: 5 Base attack delay: 1.2 This weapon's minimum
   attack delay (0.6) is reached at skill level 12.
   rC:        It protects you from cold.
   rPois:     It protects you from poison.
   Ice:       It increases the power of your Ice spells.
   It falls into the 'Staves' category.
   It is a one-handed weapon.
 Y - the staff of Suicidal Tendencies {Fly rCorr Conj}
   (You found it in the Desolation of Salt)

   [staff of conjuration]

   Base accuracy: +5 Base damage: 5 Base attack delay: 1.2 This weapon's minimum
   attack delay (0.6) is reached at skill level 12.
   Fly:       It grants you flight.
   rCorr:     It protects you from acid and corrosion.
   Conj:      It increases the power of your Conjurations spells.
   It falls into the 'Staves' category.
   It is a one-handed weapon.
Jewellery
 B - the ring "Beom" (left hand) {Wiz rElec Int+3 SInv}
   (You bought it in a shop on level 4 of the Depths)

   [ring of wizardry]

   It improves your spell success rate.
   Int:       It affects your intelligence (+3).
   rElec:     It insulates you from electricity.
   SInv:      It lets you see invisible.
 E - the amulet "Olefroa" (around neck) {RegenMP rElec rCorr Str-4}
   (You found it on level 3 of the Spider Nest)

   [amulet of magic regeneration]

   It increases your rate of magic regeneration.
   Str:       It affects your strength (-4).
   rElec:     It insulates you from electricity.
   rCorr:     It protects you from acid and corrosion.
 Z - the ring of the Prince of Darkness (right hand) {Fly rElec rF+ rN++ Will-}
   (You took it off an ironbound convoker in the Desolation of Salt)

   [ring of protection from fire]

   rF:        It protects you from fire.
   rElec:     It insulates you from electricity.
   rN:        It greatly protects you from negative energy.
   Fly:       It grants you flight.
   Will:      It decreases your willpower.
Wands
 F - a wand of roots (32)
 K - a wand of mindburst (50)
 M - a wand of digging (10)
Scrolls
 d - 6 scrolls of poison
 j - 10 scrolls of fog
 k - 2 scrolls of enchant weapon
 l - 5 scrolls of teleportation
 m - 5 scrolls of fear
 o - a scroll of enchant armour
 x - 8 scrolls of silence
 y - 4 scrolls of amnesia
 C - a scroll of summoning
 U - 3 scrolls of blinking
 V - 2 scrolls of torment
 X - 12 scrolls of identify
Potions
 h - 5 potions of curing
 n - 3 potions of lignification
 q - 5 potions of haste
 t - 13 potions of attraction
 u - 2 potions of cancellation
 A - 5 potions of ambrosia
 D - 2 potions of heal wounds
 G - 3 potions of magic
 H - 3 potions of enlightenment
 L - 6 potions of might
 N - 4 potions of invisibility
 P - 4 potions of brilliance
 Q - a potion of berserk rage
 S - 3 potions of resistance
Miscellaneous
 c - a phantom mirror
 v - a phial of floods
 J - a lightning rod (4/4)


   Skills:
 + Level 8.3 Fighting
 + Level 0.8 Short Blades
 + Level 8.0(8.6) Maces & Flails
 + Level 6.2(7.1) Polearms
 + Level 5.1(8.3) Staves
 + Level 6.4 Armour
 + Level 10.7 Dodging
 + Level 7.6 Stealth
 + Level 6.7 Shields
 + Level 22.5 Spellcasting
 + Level 16.6 Conjurations
 + Level 4.5 Hexes
 * Level 3.1 Summonings
 + Level 15.2 Transmutations
 + Level 20.8 Ice Magic
 + Level 3.1 Air Magic
 + Level 5.0 Poison Magic
 + Level 1.1 Evocations


You had 19 spell levels left.
You knew the following spells:

 Your Spells              Type           Power      Damage    Failure   Level
a - Freeze                Ice            100%       1d10      0%          1
b - Ensorcelled Hibernat  Hex/Ice        100%       N/A       0%          2
c - Frozen Ramparts       Ice            100%       1d16      0%          3
d - Hailstorm             Conj/Ice       100%       3d20      0%          3
e - Irradiate             Conj/Tmut      47%        3d27      1%          5
f - Iskenderun's Battles  Conj           97%        2d14      1%          5
g - Ozocubu's Refrigerat  Ice            53%        4d19      1%          7
h - Orb of Destruction    Conj           48%        9d13      1%          7
i - Polar Vortex          Ice            53%        N/A       6%          9
j - Dragon Form           Tmut           46%        N/A       1%          7

Your spell library contained the following spells:

 Spells                   Type           Power      Damage    Failure   Level
 Sting                    Tmut/Pois      100%       1d8       0%          1
 Wereblood                Tmut           93%        N/A       0%          2
 Ozocubu's Armour         Ice            100%       N/A       0%          3
 Ice Form                 Ice/Tmut       100%       N/A       0%          4
 Foxfire                  Conj/Fire      100%       2x1d9     1%          1
 Summon Small Mammal      Summ           100%       N/A       1%          1
 Blink                    Tloc           72%        N/A       1%          2
 Lesser Beckoning         Tloc           72%        N/A       1%          2
 Momentum Strike          Conj/Tloc      100%       3d10      1%          2
 Passwall                 Tmut/Erth      59%        N/A       1%          2
 Sublimation of Blood     Necr           36%        N/A       1%          2
 Call Canine Familiar     Summ           54%        N/A       1%          3
 Inner Flame              Hex/Fire       50%        N/A       1%          3
 Portal Projectile        Hex/Tloc       100%       N/A       1%          3
 Spider Form              Tmut/Pois      79%        N/A       1%          3
 Summon Guardian Golem    Hex/Summ       57%        N/A       1%          3
 Swiftness                Air            54%        N/A       1%          3
 Tukima's Dance           Hex            60%        N/A       1%          3
 Animate Armour           Summ/Erth      92%        N/A       1%          4
 Cause Fear               Hex            30%        N/A       1%          4
 Flame Wave               Conj/Fire      73%        2d16      1%          4
 Leda's Liquefaction      Hex/Erth       25%        N/A       1%          4
 Olgreb's Toxic Radiance  Pois           62%        N/A       1%          4
 Petrify                  Tmut/Erth      71%        N/A       1%          4
 Sticky Flame             Conj/Fire      73%        2d9       1%          4
 Summon Ice Beast         Ice/Summ       85%        N/A       1%          4
 Blade Hands              Tmut           46%        N/A       1%          5
 Fireball                 Conj/Fire      36%        3d15      1%          5
 Metabolic Englaciation   Hex/Ice        43%        N/A       1%          5
 Summon Mana Viper        Hex/Summ       57%        N/A       1%          5
 Yara's Violent Unravell  Hex/Tmut       39%        3d16      1%          5
 Conjure Ball Lightning   Conj/Air       39%        3x3d13    1%          6
 Eringya's Noxious Bog    Tmut/Pois      39%        N/A       1%          6
 Simulacrum               Ice/Necr       40%        N/A       1%          6
 Starburst                Conj/Fire      36%        6d11      1%          6
 Statue Form              Tmut/Erth      47%        N/A       2%          6
 Passage of Golubria      Tloc           36%        N/A       3%          4
 Summon Forest            Summ/Tloc      23%        N/A       4%          5
 Borgnjor's Vile Clutch   Necr/Erth      18%        N/A       9%          5
 Plasma Beam              Fire/Air       23%        2x1d35    24%         6
 Enfeeble                 Hex            30%        N/A       36%         7
 Monstrous Menagerie      Summ           27%        N/A       54%         7
 Summon Hydra             Summ           27%        N/A       54%         7
 Haunt                    Necr/Summ      23%        N/A       75%         7
 Discord                  Hex            30%        N/A       94%         8
 Ignition                 Fire           18%        3d7       100%        8
 Dragon's Call            Summ           27%        N/A       100%        9


Dungeon Overview and Level Annotations

Branches:
Dungeon (15/15)            Temple (1/1) D:4            Lair (5/5) D:11
  Swamp (4/4) Lair:2       Spider (4/4) Lair:3        Slime (5/5) Lair:5
    Orc (2/2) D:10            Elf (0/3) Orc:2        Vaults (5/5) D:13
  Crypt (0/3) Vaults:2     Depths (4/4) D:15            Zot (0/5) Depths:4
Desolation (visited)      Gauntlet (visited)

Altars:
Ashenzari
Cheibriados
Dithmenos
Fedhas
Gozag
Hepliaklqana
Kikubaaqudgha
Makhleb
Nemelex Xobeh
Okawaru
Qazlal
Ru
Sif Muna
Trog
Uskayaw
Vehumet
Wu Jian
Xom
Yredelemnul
Jiyva
Lugonu

Shops:
Orc:2 =*[(   Vaults:2 :(*=[   Vaults:3 *   Depths:2 [[*   Depths:4 =:

Portals:
Hell: Depths:1 Depths:2 Depths:3 Depths:4
Abyss: Lair:5 Depths:2 Depths:3
Pandemonium: Depths:2
Ziggurat: Depths:1

Annotations:
D:15 2 runed translucent doors, Eno Nim's ghost, journeyman GrMo


Innate Abilities, Weirdness & Mutations

You have a pair of large horns on your head.
You can hurl damnation.
You frequently emit foul miasma when damaged in melee.
You regenerate health from kills.
You are resistant to unholy torment.
You have an absolutely massive brain. (Int +6, Wiz)
You punish those that try to bend your will. (Will+)
You possess an exceptional clarity of mind.
Armour fits poorly on your strangely shaped body.
You are strong-willed. (Will+)
You are covered in fur. (AC +1)
Your muscles are strong. (Str +4, Int/Dex -1)
You are vulnerable to heat. (rF-)


Message History

You block the bone dragon's attack. The bone dragon barely misses you.
The bone dragon attacks as you move away!
You block the bone dragon's attack. The bone dragon claws you.
You block the bone dragon's attack.
The bone dragon attacks as you move away!
The bone dragon bites you! The bone dragon claws you.
The bone dragon tramples you but does no damage.
A starcursed mass comes into view.
As you read the scroll of teleportation, it crumbles to dust.
You feel strangely unstable.
You feel the power of the Abyss delaying your translocation!
The bone dragon bites you but does no damage.
The bone dragon claws you but does no damage.
The bone dragon tramples you but does no damage.
The bone dragon attacks as you move away!
The bone dragon completely misses you. The bone dragon claws you!
* * * LOW HITPOINT WARNING * * *
The bone dragon tramples you.
* * * LOW HITPOINT WARNING * * *
You emit a cloud of foul miasma!
The tormentor calls on the powers of darkness!
Your body is wracked with pain!
* * * LOW HITPOINT WARNING * * *
A tentacled monstrosity comes into view.
A starcursed mass splits.
The walking crystal tome erupts in a flurry of living spells!
The starcursed mass shrieks in your mind.
* * * LOW HITPOINT WARNING * * *
The walking crystal tome erupts in a flurry of living spells!
A starcursed mass splits.
A chorus of shrieks assaults your mind.
* * * LOW HITPOINT WARNING * * *
The starcursed mass shrieks in your mind.
* * * LOW HITPOINT WARNING * * *
The bone dragon attacks as you move away!
The bone dragon bites you!
* * * LOW HITPOINT WARNING * * *
You emit a cloud of foul miasma!
The bone dragon closely misses you. The bone dragon tramples you!
You die...

§.. . ### ##X##....#.##
#....#..§##.;.#.......#.
#. .#..§~~*§≈♣≈##.. §.
#....#..# ## ~~#.###.#.#
##.#..#....###*X#......
###...#...##....# .
.#..R..##.#...# #..
.#.....D## #.#..#. #.@#
.#..#..#..# ........###
.#.#.#.## #.#..##
....#.# .### . .


You could see a bone dragon, a tentacled monstrosity and a living crystal spell
(summoned).

Vanquished Creatures
  the Royal Jelly (Slime:5)
  3 dread liches (Vaults:5)
  An ancient lich (Vaults:5)
  A juggernaut (Depths:4)
  Margery (Vaults:4)
  A caustic shrike (Depths:3)
  2 golden dragons
  2 bone dragons (Depths:4)
  A profane servitor (Abyss:5)
  3 tentacled monstrosities
  4 liches
  Jorgrun (D:15)
  16 acid blobs
  6 titans
  5 tentacled starspawn
  5 sphinxes
  4 thorn hunters
  Kirke (Spider:3)
  2 revenants
  7 tengu reavers
  5 shadow dragons
  5 fire giants
  12 rockslimes
  A fenstrider witch (Swamp:3)
  The ghost of GordonOverkill the Bludgeoner, an adept GrDe of Lugonu (Swamp:4)
  4 storm dragons
  A draconian monk (Depths:4)
  Louise (Depths:3)
  11 frost giants
  Aizul (Spider:4)
  A deep elf sorcerer (Vaults:5)
  17 vault wardens
  13 azure jellies
  An imperial myrmidon (Desolation)
  5 ghost moths
  An iron dragon (Vaults:4)
  9 emperor scorpions
  5 orc warlords
  A draconian shifter (Depths:4)
  A reaper (Depths:2)
  14 very ugly things
  10 quicksilver oozes
  13 ironbound preservers
  6 broodmothers
  A quicksilver ooze (shapeshifter) (D:15)
  3 spriggan defenders
  A caustic shrike skeleton (Depths:1)
  5 war gargoyles
  11 stone giants
  8 formless jellyfish
  3 vampire knights
  A deep elf annihilator (Vaults:5)
  6 ironbound thunderhulks
  2 white draconians (Depths:4)
  2 yellow draconians (Depths:4)
  2 bunyips
  3 eleionomae
  2 deep elf demonologists
  A minotaur (Gauntlet)
  7 spark wasps
  22 dire elephants
  Snorg (D:11)
  2 purple draconians (Depths:4)
  The ghost of Aspara the Zephyrmancer, a journeyman TeAE of Makhleb (D:13)
  3 crystal guardians (Desolation)
  2 deep elf death magi
  3 merfolk javelineers
  3 deep elf high priests
  16 yaktaur captains
  3 jiangshi (Depths:1)
  Josephine (D:11)
  A merfolk impaler (Depths:2)
  An eidolon (Abyss:1)
  10 fire dragons
  7 ragged hierophants (Desolation)
  19 ettins
  4 rakshasas
  10 servants of whispers (Desolation)
  2 entropy weavers
  12 great orbs of eyes
  34 vault guards
  11 spriggan air magi
  A ghost crab (Swamp:3)
  10 peacekeepers
  4 catoblepae
  2 ogre magi
  22 hydras
  6 ice dragons
  3 jorogumos
  8 centaur warriors
  3 radroaches
  4 ironbound frosthearts
  8 boulder beetles
  Erica (Lair:1)
  6 alligators
  4 two-headed ogres
  5 deep troll shamans
  4 vampire magi
  9 demonic crawlers
  4 tengu warriors
  9 hell hogs
  9 death yaks (Lair:5)
  12 deep troll earth magi
  4 orc high priests (Orc:2)
  4 thrashing horrors (Lair:5)
  11 spriggan berserkers
  2 deep elf knights
  11 hell knights
  A shock serpent (shapeshifter) (Vaults:1)
  3 wretched stars (Abyss:4)
  The ghost of caveywoolpert the Geomancer, a novice GrEE of Vehumet (D:12)
  A shadow wraith (Vaults:5)
  2 sixfirhies
  6 spatial maelstroms (Abyss:4)
  2 salamander mystics (Depths:4)
  3 goliath frogs
  9 iron trolls
  A storm dragon skeleton (Vaults:5)
  2 sun moths
  3 pharaoh ants
  A skyshark (Lair:2)
  2 spectral hydras (Swamp:4)
  A deep elf archer (Spider:2)
  A sea snake (shapeshifter) (Vaults:5)
  49 deep trolls
  A flayed ghost (Depths:2)
  11 orb spiders
  3 spriggan druids
  11 swamp dragons
  7 steelbarb worms
  11 wizards
  6 necromancers
  16 lindwurms
  A tengu zombie (Depths:1)
  2 glowing orange brains
  A harpy (shapeshifter) (D:9)
  A deep elf zephyrmancer (D:13)
  31 ironbound convokers
  3 bog bodies
  7 phantasmal warriors
  A mana viper (shapeshifter) (Vaults:4)
  11 orc knights
  A manticore (D:14)
  A mana viper (Abyss:4)
  17 wolf spiders
  2 oklob plants
  A tengu skeleton (Depths:1)
  A wolf spider zombie (D:13)
  23 ugly things
  4 orc sorcerers
  A shining eye (shapeshifter) (Vaults:5)
  2 will-o-the-wisps
  3 cyclopes
  A stone giant zombie (Vaults:4)
  3 deep elf pyromancers
  7 salamanders
  A fire giant zombie (Depths:1)
  3 frost giant zombies
  2 moths of wrath
  4 shining eyes
  3 worldbinders
  An iron dragon zombie (Vaults:4)
  4 elephants (Lair:5)
  An apocalypse crab (Abyss:4)
  10 guardian serpents
  An ice statue (D:12)
  5 molten gargoyles
  2 centaur zombies (D:13)
  A frost giant skeleton (Depths:1)
  A black mamba (Lair:4)
  20 vault sentinels
  5 gargoyles
  2 spectral centaurs (D:13)
  4 smoke demons
  9 torpor snails
  3 eyes of devastation
  2 unseen horrors (D:11)
  11 cane toads
  2 freezing wraiths (Vaults:5)
  44 yaktaurs
  2 efreet
  A rime drake (shapeshifter) (D:13)
  7 tengu conjurers
  5 ancient zymes
  13 komodo dragons
  2 wind drakes (shapeshifter) (Vaults:5)
  4 bloated husks
  2 hellwings
  20 tarantellas
  2 red devils (Depths:2)
  6 tyrant leeches
  6 meliai
  8 trolls
  13 hornets
  2 tengu simulacra (Depths:1)
  A wolf spider simulacrum (D:15)
  9 raiju
  A sphinx simulacrum (Depths:1)
  35 blink frogs
  71 saltlings
  A spectral meliai (D:13)
  6 dream sheep (Lair:3)
  38 jumping spiders
  5 large abominations
  114 slime creatures
  17 culicivoras
  11 small abominations
  A shadow (D:12)
  5 water elementals
  A spriggan (shapeshifter) (Lair:5)
  2 centaur simulacra (D:13)
  17 spriggans
  A culicivora (shapeshifter) (Vaults:3)
  6 ynoxinuls
  8 wraiths
  59 yaks
  6 wyverns
  9 basilisks
  4 fire bats (Abyss:4)
  A starcursed mass (Abyss:4)
  5 golden eyes (Slime:2)
  Grum (D:11)
  A steam dragon (D:7)
  A hog (shapeshifter) (D:12)
  2 hogs (Spider:3)
  23 vampire mosquitoes
  3 chaos spawn
  2 neqoxecs (Abyss:1)
  62 redbacks
  2 elf skeletons (Vaults:4)
  A yaktaur simulacrum (Vaults:5)
  17 swamp worms
  9 wargs
  A harpy simulacrum (Abyss:4)
  A death drake simulacrum (Swamp:4)
  14 spatial vortices (Abyss:4)
  A hydra simulacrum (Swamp:4)
  9 water moccasins
  6 black bears
  2 acid dragons
  2 floating eyes
  5 swamp drakes (Swamp:4)
  2 ice beasts (D:7)
  47 orc warriors
  An ettin simulacrum (Vaults:5)
  A sky beast (D:7)
  5 ogres
  4 boggarts (Vaults:1)
  28 wolves
  9 centaurs
  A phantom (D:6)
  5 kobold brigands
  19 bullfrogs
  2 gnoll sergeants
  3 scorpions
  11 wights
  13 killer bees
  2 howler monkeys
  An electric eel (Lair:2)
  A howler monkey (shapeshifter) (Vaults:5)
  A crimson imp (Abyss:2)
  3 hounds
  10 jellies
  31 orc priests
  Crazy Yiuf (D:5)
  A sleepcap (D:5)
  6 hell rats (Lair:3)
  4 iron imps (Gauntlet)
  3 iguanas
  34 orc wizards
  11 gnolls
  9 adders
  A white imp (D:5)
  An ufetubus (Abyss:2)
  A worm (D:2)
  3 dart slugs
  92 orcs
  9 ball pythons
  7 bats
  22 endoplasms
  A giant cockroach (D:1)
  4 goblins
  8 hobgoblins
  7 jackals
  24 kobolds
  4 quokkas
  3 frilled lizards (D:3)
  5 rats
  A lurking horror (Abyss:5)
  4 starspawn tentacles
2176 creatures vanquished.

Vanquished Creatures (collateral kills)
  An orc sorcerer (Orc:2)
1 creature vanquished.

Vanquished Creatures (others)
  2 bloated husks (Swamp:2)
  A swamp drake (Swamp:4)
  An orc wizard (Orc:2)
  A gnoll (D:7)
  An orc (Orc:2)
  An orc zombie (D:9)
  2 foxfires (Swamp:3)
  10 starspawn tentacles
19 creatures vanquished.

Grand Total: 2196 creatures vanquished

Notes
Turn   | Place    | Note
-------+----------+-------------------------------------------
     0 | D:1      | mmBingo the Demonspawn Ice Elementalist began the quest for
                  | the Orb.
     0 | D:1      | Reached XP level 1. HP: 13/13 MP: 3/3
   320 | D:1      | Gained mutation: You may rarely emit foul miasma when
                  | damaged in melee. [demonic ancestry]
   320 | D:1      | Reached XP level 2. HP: 16/19 MP: 0/5
   798 | D:1      | Reached XP level 3. HP: 24/24 MP: 3/6
  1263 | D:2      | Reached XP level 4. HP: 28/30 MP: 5/8
  1306 | D:2      | Found a faded altar of an unknown god.
  1422 | D:2      | Reached skill level 3 in Spellcasting
  1653 | D:3      | You fall into a shaft and drop 2 floors!
  1653 | D:5      | Entered Level 5 of the Dungeon
  1718 | D:5      | Gained mutation: You regenerate a little health from kills.
                  | [demonic ancestry]
  1718 | D:5      | Reached XP level 5. HP: 35/35 MP: 5/10
  1793 | D:4      | Learned a level 2 spell: Ensorcelled Hibernation
  1882 | D:4      | Identified the +6 leather armour "Cistuem" {Harm Fly rElec
                  | Int-3}
  2268 | D:3      | Reached skill level 1 in Armour
  2652 | D:3      | Found a sacrificial altar of Ru.
  2840 | D:4      | Reached skill level 4 in Spellcasting
  2986 | D:4      | Gained mutation: You have a pair of small horns on your
                  | head. [demonic ancestry]
  2986 | D:4      | Reached XP level 6. HP: 42/42 MP: 1/12
  3113 | D:4      | Found a staircase to the Ecumenical Temple.
  3136 | D:4      | Identified the +1 flail "Xiufed" {drain, Str+4 Dex-3}
  3405 | D:5      | Reached skill level 1 in Hexes
  3405 | D:5      | Reached skill level 5 in Ice Magic
  3558 | D:5      | Found a snail-covered altar of Cheibriados.
  3584 | D:5      | Found a runed translucent door.
  3585 | D:5      | Noticed Crazy Yiuf
  3615 | D:5      | Killed Crazy Yiuf
  3616 | D:5      | Gained mutation: You have a pair of horns on your head.
                  | [demonic ancestry]
  3616 | D:5      | Reached XP level 7. HP: 38/47 MP: 5/13
  4140 | D:5      | Reached skill level 1 in Fighting
  4214 | D:5      | Learned a level 3 spell: Frozen Ramparts
  4218 | D:5      | Learned a level 3 spell: Hailstorm
  4237 | D:5      | Reached skill level 5 in Spellcasting
  4898 | D:6      | Gained mutation: You have an unusually large brain. (Int
                  | +2) [demonic ancestry]
  4898 | D:6      | Reached XP level 8. HP: 51/54 MP: 16/16
  5427 | D:6      | Reached skill level 1 in Staves
  6181 | D:7      | Noticed a komodo dragon
  6231 | D:7      | Reached skill level 6 in Spellcasting
  6420 | D:7      | Gained mutation: You sometimes emit foul miasma when
                  | damaged in melee. [demonic ancestry]
  6420 | D:7      | Reached XP level 9. HP: 42/61 MP: 3/18
  6749 | D:7      | Killed a komodo dragon
  6884 | D:8      | Learned a level 5 spell: Irradiate
  6888 | D:8      | Gained mutation: You are frail. (-10% HP) [mutagenic glow]
  6915 | D:8      | Lost mutation: You are frail. (-10% HP) [potion of
                  | mutation]
  6915 | D:8      | Gained mutation: Your natural rate of healing is unusually
                  | fast. [potion of mutation]
  6941 | D:8      | Reached skill level 1 in Conjurations
  7202 | D:8      | Reached skill level 7 in Spellcasting
  7760 | D:9      | Noticed a troll
  7761 | D:9      | Noticed a two-headed ogre
  7768 | D:9      | Killed a troll
  7769 | D:9      | Reached skill level 5 in Stealth
  7793 | D:9      | Noticed a two-headed ogre
  7915 | D:9      | Gained mutation: You have a pair of large horns on your
                  | head. [demonic ancestry]
  7915 | D:9      | Reached XP level 10. HP: 68/68 MP: 1/21
  7924 | D:9      | Killed a two-headed ogre
  7968 | D:9      | Killed a two-headed ogre
  7969 | D:9      | Reached skill level 8 in Spellcasting
  8229 | D:9      | a shapeshifter changed into a harpy
  8229 | D:9      | Noticed a harpy (shapeshifter)
  8232 | D:9      | Killed a harpy
  8655 | D:10     | Entered Level 10 of the Dungeon
  8896 | D:10     | Reached skill level 1 in Transmutations
  9094 | D:10     | Noticed a two-headed ogre
  9108 | D:10     | Killed a two-headed ogre
  9109 | D:10     | Reached skill level 9 in Spellcasting
  9206 | D:10     | Found a staircase to the Orcish Mines.
  9216 | D:10     | Reached XP level 11. HP: 74/74 MP: 9/24
  9512 | D:10     | Noticed a boulder beetle
  9566 | D:10     | Killed a boulder beetle
  9689 | D:11     | Found a staircase to the Lair.
  9870 | Orc:1    | Entered Level 1 of the Orcish Mines
 10078 | Orc:1    | Noticed an orc knight
 10158 | Orc:1    | Killed an orc knight
 10342 | Orc:2    | Entered Level 2 of the Orcish Mines
 10507 | Orc:2    | Noticed an orc warlord
 10655 | Orc:1    | Killed an orc warlord
 11070 | Orc:2    | Found a staircase to the Elven Halls.
 11406 | Orc:2    | Noticed an orc sorcerer
 11411 | Orc:2    | Noticed an orc knight
 11418 | Orc:2    | Killed an orc sorcerer
 11427 | Orc:2    | Killed an orc knight
 11428 | Orc:2    | Reached skill level 10 in Ice Magic
 11438 | Orc:2    | Noticed an orc warlord
 11632 | Orc:2    | Noticed an orc high priest
 11640 | Orc:2    | Killed an orc high priest
 11641 | Orc:2    | Reached XP level 12. HP: 68/81 MP: 19/25
 11676 | Orc:2    | Noticed an orc high priest
 11685 | Orc:2    | Killed an orc warlord
 11686 | Orc:2    | Reached skill level 1 in Maces & Flails
 11686 | Orc:2    | Reached skill level 10 in Spellcasting
 11686 | Orc:2    | Reached skill level 5 in Transmutations
 11754 | Orc:2    | Killed an orc high priest
 11755 | Orc:2    | Reached skill level 1 in Evocations
 12145 | Orc:2    | Found a shimmering blue altar of Sif Muna.
 12378 | Orc:2    | Noticed an orc high priest
 12394 | Orc:2    | Killed an orc high priest
 12843 | Orc:2    | Noticed an orc high priest
 12857 | Orc:2    | Killed an orc high priest
 12918 | Orc:2    | Found Ickuom's Antique Armour Shoppe.
 12919 | Orc:2    | Found Quroyjo's Antique Weapon Shoppe.
 12923 | Orc:2    | Found Zuetz's General Store.
 12923 | Orc:2    | Found Jyntad's Jewellery Emporium.
 12952 | Orc:2    | Bought an ancient mace for 264 gold pieces
 12952 | Orc:2    | Identified the +2 mace of Reiteafi {speed, rF+} (You bought
                  | it in a shop on level 2 of the Orcish Mines)
 12953 | Orc:2    | Bought a pair of translucent boots for 380 gold pieces
 12953 | Orc:2    | Identified the +4 pair of boots of the Bouncing Hells
                  | {Rampage Will+ Stlth-} (You bought it in a shop on level 2
                  | of the Orcish Mines)
 12963 | Orc:2    | Bought a scroll of identify for 32 gold pieces
 12963 | Orc:2    | Bought a scroll of blinking for 120 gold pieces
 12963 | Orc:2    | Bought a scroll of fear for 64 gold pieces
 13561 | D:11     | Noticed Grum
 13576 | D:11     | Killed Grum
 13919 | D:11     | Noticed Josephine
 13969 | D:11     | Killed Josephine
 14253 | D:11     | Noticed Snorg
 14261 | D:11     | Reached XP level 13. HP: 89/89 MP: 11/27
 14264 | D:11     | Killed Snorg
 14265 | D:11     | Reached skill level 5 in Dodging
 14646 | D:12     | Learned a level 5 spell: Iskenderun's Battlesphere
 15097 | D:12     | Reached skill level 5 in Conjurations
 15513 | D:12     | Noticed caveywoolpert's ghost (novice GrEE)
 15577 | D:12     | Found a runed translucent gate.
 15577 | D:12     | Found a runed translucent gate.
 15578 | D:12     | Found a runed translucent gate.
 15889 | D:12     | a wolf spider changed into an ettin
 15889 | D:12     | Noticed an ettin (glowing shapeshifter)
 15890 | D:12     | an ettin changed into a tyrant leech
 15892 | D:12     | a tyrant leech changed into a bunyip
 15892 | D:12     | Noticed a bunyip (glowing shapeshifter)
 15940 | Lair:1   | Entered Level 1 of the Lair of Beasts
 15961 | Lair:1   | Reached skill level 5 in Maces & Flails
 16174 | Lair:1   | Identified the +8 flail of Ruination {freeze, *Slow Dex+5}
 16732 | Lair:1   | Noticed Erica
 16749 | Lair:1   | Killed Erica
 16861 | Lair:1   | Learned a level 7 spell: Ozocubu's Refrigeration
 16912 | Lair:2   | Reached skill level 11 in Spellcasting
 17182 | Lair:2   | Found a staircase to the Swamp.
 17284 | Lair:2   | Reached skill level 5 in Fighting
 17969 | Lair:3   | Gained mutation: You punish those that try to bend your
                  | will. (Will+) [demonic ancestry]
 17969 | Lair:3   | Reached XP level 14. HP: 39/98 MP: 13/29
 18276 | Lair:3   | You are sucked into a shaft and drop 2 floors!
 18276 | Lair:5   | Entered Level 5 of the Lair of Beasts
 18819 | Lair:5   | Reached skill level 12 in Spellcasting
 19819 | Lair:5   | Found a runed translucent door.
 19820 | Lair:5   | Found a viscous altar of Jiyva.
 19820 | Lair:5   | Found a staircase to the Slime Pits.
 20126 | Lair:5   | Found a corrupted altar of Lugonu.
 20126 | Lair:5   | Found a one-way gate to the infinite horrors of the Abyss.
 20279 | Lair:4   | Found a gate leading to a gauntlet.
 20328 | Gauntlet | Entered a Gauntlet
 20328 | Gauntlet | Found a large runed translucent door.
 20328 | Gauntlet | Found a large runed translucent door.
 20328 | Gauntlet | Found a large runed translucent door.
 20328 | Gauntlet | Found a large runed translucent door.
 20328 | Gauntlet | Found a runed translucent door.
 20328 | Gauntlet | Found a large runed translucent door.
 20328 | Gauntlet | Found a large runed translucent door.
 20328 | Gauntlet | Found a transporter.
 20328 | Gauntlet | Found a transporter.
 20328 | Gauntlet | Found a large runed translucent door.
 20328 | Gauntlet | Found a large runed translucent door.
 20328 | Gauntlet | Found a runed translucent gate.
 20328 | Gauntlet | Found a runed translucent gate.
 20328 | Gauntlet | Found a transporter.
 20329 | Gauntlet | Found a runed translucent door.
 20329 | Gauntlet | Found a runed translucent gate.
 20333 | Gauntlet | Found a transporter.
 20342 | Gauntlet | Found a large runed translucent door.
 20342 | Gauntlet | Found a large runed translucent door.
 20342 | Gauntlet | Found a large runed translucent door.
 20342 | Gauntlet | Found a large runed translucent door.
 20343 | Gauntlet | Found a large runed translucent door.
 20343 | Gauntlet | Found a large runed translucent door.
 20344 | Gauntlet | Found a large runed translucent door.
 20344 | Gauntlet | Found a large runed translucent door.
 20369 | Gauntlet | Found a transporter.
 20373 | Gauntlet | Found a transporter.
 20383 | Gauntlet | Found a transporter.
 20404 | Gauntlet | Found a transporter.
 20412 | Gauntlet | Found a transporter.
 20412 | Gauntlet | Found a transporter.
 20422 | Gauntlet | Found a transporter.
 20426 | Gauntlet | Found a transporter.
 21132 | Lair:4   | Reached skill level 1 in Poison Magic
 21133 | Lair:4   | Gained mutation: You have an extremely huge brain. (Int +4)
                  | [demonic ancestry]
 21133 | Lair:4   | Reached XP level 15. HP: 103/103 MP: 3/31
 21872 | Lair:4   | Reached skill level 13 in Spellcasting
 22345 | Lair:3   | Identified the +2 ring mail of Vehumet, Nurturing {rN+}
 22365 | Lair:3   | Found a hole to the Spider Nest.
 23169 | D:13     | Found a runed translucent gate.
 23170 | D:13     | Found a runed translucent gate.
 23170 | D:13     | Found a runed translucent gate.
 23183 | D:13     | Noticed Aspara's ghost (journeyman TeAE)
 23215 | D:13     | Killed Aspara's ghost
 23667 | D:13     | Found a gate to the Vaults.
 24914 | D:14     | Reached skill level 5 in Poison Magic
 25146 | D:15     | Entered Level 15 of the Dungeon
 25352 | D:15     | Noticed Jorgrun
 25359 | D:15     | Killed Jorgrun
 25806 | D:15     | Found a runed translucent door.
 25812 | D:15     | Found a runed translucent door.
 25892 | D:15     | Noticed Eno Nim's ghost (journeyman GrMo)
 25908 | D:15     | Reached skill level 14 in Spellcasting
 25908 | D:15     | Reached XP level 16. HP: 88/111 MP: 3/34
 26274 | D:15     | Identified the +7 quarterstaff of Triumph {heavy, rPois rF+
                  | rC++}
 26274 | D:15     | Noticed a lich
 26476 | Swamp:1  | Entered Level 1 of the Swamp
 26625 | Swamp:1  | Found a shimmering altar of Xom.
 26776 | Swamp:1  | Noticed a thorn hunter
 26916 | Swamp:1  | Killed a thorn hunter
 28278 | Swamp:3  | Reached skill level 1 in Shields
 28731 | Swamp:3  | Noticed a thorn hunter
 28841 | Swamp:3  | Identified the +4 arbalest of a wizard's laboratory {heavy,
                  | Will- Dex+6}
 28926 | Swamp:3  | Killed a thorn hunter
 29023 | Swamp:4  | Entered Level 4 of the Swamp
 29188 | Swamp:4  | Found a transporter.
 29227 | Swamp:4  | Found a transporter.
 29227 | Swamp:4  | Noticed GordonOverkill's ghost (adept GrDe)
 29497 | Swamp:4  | Reached skill level 5 in Armour
 29906 | Swamp:4  | Noticed a thorn hunter
 29947 | Swamp:4  | Killed a thorn hunter
 30315 | Swamp:4  | Got a decaying rune of Zot
 30334 | Swamp:4  | Reached skill level 15 in Ice Magic
 30657 | Swamp:4  | Reached skill level 15 in Spellcasting
 30659 | Swamp:4  | Noticed a thorn hunter
 30666 | Swamp:4  | Gained mutation: You are resistant to unholy torment.
                  | [demonic ancestry]
 30666 | Swamp:4  | Reached XP level 17. HP: 117/117 MP: 20/36
 31165 | Swamp:4  | Killed GordonOverkill's ghost
 31504 | Temple   | Entered the Ecumenical Temple
 31754 | Temple   | Became a worshipper of Dithmenos the Shadowed
 32038 | Depths:1 | Entered Level 1 of the Depths
 32042 | Depths:1 | Reached skill level 10 in Conjurations
 32190 | D:15     | Gained mutation: You are robust. (+10% HP) [mutagenic glow]
 32447 | Depths:1 | Reached * piety under Dithmenos
 32799 | Depths:1 | Found a one-way gateway to a ziggurat.
 33191 | Spider:1 | Entered Level 1 of the Spider Nest
 33231 | Spider:1 | Reached skill level 5 in Staves
 34392 | Spider:1 | Identified the +1 sling of Nemelex Xobeh {flame, *Corrode
                  | rElec rF+ rC++}
 34627 | Spider:1 | Reached ** piety under Dithmenos
 35871 | Spider:2 | Reached skill level 16 in Spellcasting
 36200 | Spider:2 | Reached *** piety under Dithmenos
 36431 | Spider:2 | You are sucked into a shaft and drop 1 floor!
 36870 | Spider:3 | Identified the amulet "Olefroa" {RegenMP rElec rCorr Str-4}
 37070 | Spider:3 | Gained mutation: You regenerate health from kills. [demonic
                  | ancestry]
 37070 | Spider:3 | Reached XP level 18. HP: 121/135 MP: 30/38
 37292 | Spider:3 | Reached **** piety under Dithmenos
 37454 | Spider:3 | Noticed Kirke
 37470 | Spider:3 | Killed Kirke
 37626 | Spider:4 | Entered Level 4 of the Spider Nest
 37853 | Spider:4 | Reached ***** piety under Dithmenos
 37871 | Spider:4 | Noticed Aizul
 38817 | Spider:4 | Killed Aizul
 39199 | Spider:4 | Learned a level 7 spell: Orb of Destruction
 39271 | Spider:4 | Got a gossamer rune of Zot
 39424 | Spider:4 | Reached skill level 17 in Spellcasting
 39433 | Spider:4 | Lost mutation: You are robust. (+10% HP) [mutagenic glow]
 39471 | Spider:4 | Identified the orb of Decompression {guile, rCorr Str+3
                  | Int-5 Slay+4}
 40291 | Vaults:1 | Entered Level 1 of the Vaults
 40947 | Vaults:1 | Identified the +0 cloak "Qykkan" {*Slow rElec rF+++ Stlth-}
 41165 | Vaults:1 | Reached ****** piety under Dithmenos
 41173 | Vaults:1 | Reached XP level 19. HP: 130/130 MP: 19/40
 41678 | Vaults:2 | Found Weyrinax's Jewellery Shoppe.
 42150 | Vaults:2 | Noticed a Brimstone Fiend
 42153 | Vaults:2 | Noticed a Brimstone Fiend
 42520 | Vaults:2 | Reached skill level 18 in Spellcasting
 42648 | Vaults:2 | Found Riomy's Antique Armour Emporium.
 42898 | Vaults:2 | Identified 2 scrolls of acquirement
 42924 | Vaults:2 | Acquired a staff of cold
 42926 | Vaults:2 | Acquired 698 gold pieces
 43040 | Vaults:2 | Found Itipugguo's Book Shop.
 43053 | Vaults:2 | Bought a book of Ice for 700 gold pieces
 43053 | Vaults:2 | Bought a manual of Transmutations for 1120 gold pieces
 43069 | Vaults:2 | Learned a level 9 spell: Polar Vortex
 43315 | Vaults:2 | Found a staircase to the Crypt.
 43394 | Vaults:2 | Found Qouvakoe's Weapon Boutique.
 43407 | Vaults:2 | Found Coxzey's Assorted Antiques.
 43425 | Vaults:2 | Bought a scroll of teleportation for 90 gold pieces
 43425 | Vaults:2 | Bought a scroll of teleportation for 90 gold pieces
 43933 | Vaults:3 | Found a crumbling gateway.
 43953 | Desolati | Entered the Desolation of Salt
 44035 | Desolati | Identified the staff of Suicidal Tendencies {Fly rCorr
                  | Conj}
 44123 | Desolati | Identified the ring of the Prince of Darkness {Fly rElec
                  | rF+ rN++ Will-}
 44143 | Desolati | Gained mutation: Your magical capacity is low. (-10% MP)
                  | [mutagenic glow]
 44214 | Desolati | Identified the staff of Evil {rElec Int+2 Air}
 44269 | Desolati | Identified the +5 tower shield "Neozon" {Dex+3}
 44274 | Desolati | Gained mutation: You have an absolutely massive brain. (Int
                  | +6, Wiz) [demonic ancestry]
 44274 | Desolati | Reached XP level 20. HP: 117/137 MP: 32/38
 44615 | Desolati | Got Anin's Spellbook of Iron Attendants
 44754 | Desolati | Reached skill level 10 in Transmutations
 45480 | Vaults:3 | Upgraded the game from 0.31-a0-183-g4352c244c2 to
                  | 0.31-a0-188-g5e087ee2ca
 45548 | Vaults:3 | Found Xapeng's Assorted Antiques.
 45564 | Vaults:3 | Bought a scroll of blinking for 270 gold pieces
 45860 | Vaults:3 | Reached skill level 1 in Air Magic
 46820 | Vaults:4 | Reached skill level 19 in Spellcasting
 47161 | Vaults:4 | Noticed Margery
 47165 | Vaults:4 | Killed Margery
 47639 | Vaults:4 | Reached XP level 21. HP: 118/143 MP: 28/39
 48668 | Vaults:5 | Entered Level 5 of the Vaults
 48715 | Vaults:4 | Gained mutation: Armour fits poorly on your strangely
                  | shaped body. [mutagenic glow]
 48716 | Vaults:4 | Lost mutation: Armour fits poorly on your strangely shaped
                  | body. [potion of mutation]
 48716 | Vaults:4 | Lost mutation: Your magical capacity is low. (-10% MP)
                  | [potion of mutation]
 48716 | Vaults:4 | Gained mutation: Your skin changes colour to match your
                  | surroundings (Stealth+). [potion of mutation]
 48716 | Vaults:4 | Gained mutation: You are clumsy. (Dex -2) [potion of
                  | mutation]
 48716 | Vaults:4 | Gained mutation: Your body sometimes deteriorates upon
                  | taking damage. [potion of mutation]
 48777 | Vaults:4 | Gained mutation: Your mind is acute. (Int +4, Str/Dex -1)
                  | [mutagenic glow]
 48837 | Vaults:5 | Noticed a golden dragon
 48840 | Vaults:5 | Killed a golden dragon
 48946 | Vaults:5 | Reached skill level 20 in Spellcasting
 48965 | Vaults:5 | Noticed an ancient lich
 48967 | Vaults:5 | Killed an ancient lich
 49101 | Vaults:5 | Noticed a dread lich
 49107 | Vaults:5 | Killed a dread lich
 49368 | Vaults:5 | Got a silver rune of Zot
 49559 | Vaults:5 | Noticed a dread lich
 49562 | Vaults:5 | Killed a dread lich
 49592 | Vaults:5 | Gained mutation: You can hurl damnation. [demonic ancestry]
 49592 | Vaults:5 | Reached XP level 22. HP: 127/151 MP: 33/46
 49833 | Vaults:5 | Identified the +5 halberd "Arbiter" {freeze, rF+ rN+}
 49921 | Vaults:4 | Lost mutation: You are clumsy. (Dex -2) [potion of
                  | mutation]
 49921 | Vaults:4 | Lost mutation: Your natural rate of healing is unusually
                  | fast. [potion of mutation]
 49921 | Vaults:4 | Lost mutation: Your skin changes colour to match your
                  | surroundings (Stealth+). [potion of mutation]
 49921 | Vaults:4 | Gained mutation: You are agile. (Dex +4, Str/Int -1)
                  | [potion of mutation]
 49921 | Vaults:4 | Gained mutation: Your body often deteriorates upon taking
                  | damage. [potion of mutation]
 49921 | Vaults:4 | Lost mutation: Your mind is acute. (Int +4, Str/Dex -1)
                  | [potion of mutation]
 50528 | Vaults:5 | Found the +8 lance "Wyrmbane" {slay drac, rPois rF+ rC+
                  | AC+3}
 50536 | Vaults:5 | Identified the -1 cloak "Pabis" {Int+2 SInv}
 50593 | Vaults:5 | Identified the staff "Cuere" {rN+ rCorr Str-3 Int-3 Stlth+
                  | Necro}
 50611 | Vaults:5 | Reached skill level 15 in Conjurations
 50626 | Vaults:5 | Noticed a dread lich
 50634 | Vaults:5 | Killed a dread lich
 50770 | Vaults:5 | Reached skill level 5 in Shields
 50771 | Vaults:5 | Reached skill level 15 in Transmutations
 50783 | Vaults:5 | Identified the staff of Wu Jian's Outrage {rPois rC+ Ice}
 51248 | Vaults:5 | Lost mutation: Your body often deteriorates upon taking
                  | damage. [potion of mutation]
 51248 | Vaults:5 | Lost mutation: You are agile. (Dex +4, Str/Int -1) [potion
                  | of mutation]
 51248 | Vaults:5 | Lost mutation: Your body sometimes deteriorates upon taking
                  | damage. [potion of mutation]
 51248 | Vaults:5 | Gained mutation: Armour fits poorly on your strangely
                  | shaped body. [potion of mutation]
 51248 | Vaults:5 | Gained mutation: Your muscles are strong. (Str +4, Int/Dex
                  | -1) [potion of mutation]
 51248 | Vaults:5 | Gained mutation: Your muscles are very strong. (Str +8,
                  | Int/Dex -2) [potion of mutation]
 51248 | Vaults:5 | Gained mutation: You are strong-willed. (Will+) [potion of
                  | mutation]
 52271 | Depths:1 | Found a radiant altar of Vehumet.
 52297 | Depths:1 | Found a gateway to Hell.
 52427 | Depths:1 | Found a stormy altar of Qazlal.
 52742 | Depths:2 | Reached skill level 1 in Polearms
 52922 | Depths:2 | Reached skill level 21 in Spellcasting
 53069 | Depths:2 | Found Gozag's Assorted Antiques.
 53160 | Depths:2 | Noticed a golden dragon
 53163 | Depths:2 | Found an opulent altar of Gozag.
 53166 | Depths:2 | Found Gozag's Antique Armour Boutique.
 53167 | Depths:2 | Found Gozag's Antique Armour Shop.
 53543 | Depths:2 | Found a one-way gate leading to the halls of Pandemonium.
 53637 | Depths:2 | Killed a golden dragon
 53801 | Depths:2 | Bought a faintly humming robe for 570 gold pieces
 53801 | Depths:2 | Identified the +2 robe of the Spheres {Int+3} (You bought
                  | it in a shop on level 2 of the Depths)
 53814 | Depths:2 | Bought a potion of enlightenment for 500 gold pieces
 54244 | Depths:3 | Noticed a caustic shrike
 54249 | Depths:3 | Killed a caustic shrike
 54257 | Depths:3 | HP: 4/151 [ettin/+0 dire flail (19)]
 55048 | Depths:3 | Reached XP level 23. HP: 82/156 MP: 21/48
 55204 | Depths:3 | Learned a level 7 spell: Dragon Form
 55414 | Depths:3 | Noticed Louise
 55660 | Depths:3 | Killed Louise
 55959 | Depths:4 | Entered Level 4 of the Depths
 56644 | Depths:4 | Noticed a juggernaut
 56649 | Depths:4 | Reached skill level 10 in Dodging
 56670 | Depths:4 | Killed a juggernaut
 57186 | Depths:4 | Found an ancient bone altar of Kikubaaqudgha.
 57407 | Depths:4 | Found Onig's Jewellery Shop.
 57408 | Depths:4 | Found Yvoidwurr's Book Emporium.
 57409 | Depths:4 | Found Lienwiwk's Jewellery Shop.
 57431 | Depths:4 | Bought the ring "Beom" {Wiz rElec Int+3 SInv} for 545 gold
                  | pieces
 57928 | Depths:4 | Found a gate to the Realm of Zot.
 58506 | D:12     | Killed caveywoolpert's ghost
 58845 | Slime:1  | Entered Level 1 of the Pits of Slime
 59144 | Slime:2  | Reached skill level 5 in Polearms
 59280 | Slime:1  | Gained mutation: You are frail. (-10% HP) [a shining eye]
 60064 | Slime:3  | You are sucked into a shaft and drop 1 floor!
 60294 | Slime:5  | Entered Level 5 of the Pits of Slime
 60371 | Slime:5  | Found a viscous altar of Jiyva.
 60376 | Slime:5  | Found the +16 obsidian axe {drain, demonic, Mesm Drain Fly
                  | SInv}
 60386 | Slime:5  | Reached skill level 22 in Spellcasting
 60708 | Slime:5  | Noticed the Royal Jelly
 60736 | Slime:5  | Killed the Royal Jelly
 61420 | Slime:5  | Paralysed by a formless jellyfish for 1 turns
 61442 | Slime:5  | Got a slimy rune of Zot
 61453 | Slime:5  | Identified the ring of Plog {rPois rF+ Str-3 Int+6 Dex-5}
 61458 | Slime:5  | Identified the +4 hand axe "Udwyukus" {pain, *Noise +Blink
                  | rCorr Str+8}
 61459 | Slime:5  | Identified the +6 trident of the Ghost {drain, *Slow rCorr
                  | Str+3 Stlth+}
 61498 | Slime:5  | Identified the +8 dagger "Dragon's Foe" {elec, Contam rN++}
 61525 | Slime:5  | Identified the +6 leather armour of Starshine {Str+3 Dex+6}
 61526 | Slime:5  | Identified the +2 chain mail of the Original Sin {*Corrode
                  | Fly Dex+4}
 61552 | Slime:5  | Got Wesilova's Anthology of Vicissitude and the Bane
 61561 | Slime:5  | Identified the +10 quarterstaff of Wondrous Power {flame,
                  | rElec rPois}
 61562 | Slime:5  | Identified the +11 broad axe of Xom's Supremacy {holy,
                  | Int+3}
 61643 | Slime:4  | Gained mutation: You frequently emit foul miasma when
                  | damaged in melee. [demonic ancestry]
 61643 | Slime:4  | Reached XP level 24. HP: 149/149 MP: 39/49
 62408 | Slime:2  | Gained mutation: Your body sometimes deteriorates upon
                  | taking damage. [a shining eye]
 62743 | Lair:5   | Lost mutation: You are strong-willed. (Will+) [potion of
                  | mutation]
 62743 | Lair:5   | Lost mutation: Your muscles are very strong. (Str +8,
                  | Int/Dex -2) [potion of mutation]
 62743 | Lair:5   | Lost mutation: You are frail. (-10% HP) [potion of
                  | mutation]
 62743 | Lair:5   | Gained mutation: You occasionally lose the ability to read
                  | scrolls when taking damage. [potion of mutation]
 62743 | Lair:5   | Gained mutation: You are strong-willed. (Will+) [potion of
                  | mutation]
 62744 | Lair:5   | Lost mutation: You occasionally lose the ability to read
                  | scrolls when taking damage. [potion of mutation]
 62744 | Lair:5   | Lost mutation: Your body sometimes deteriorates upon taking
                  | damage. [potion of mutation]
 62744 | Lair:5   | Gained mutation: You are vulnerable to heat. (rF-) [potion
                  | of mutation]
 62744 | Lair:5   | Gained mutation: You possess an exceptional clarity of
                  | mind. [potion of mutation]
 62838 | Lair:5   | Voluntarily entered the Abyss.
 62841 | Abyss:1  | Found a transporter.
 62853 | Abyss:1  | Found a transporter.
 62874 | Abyss:1  | Found a corrupted altar of Lugonu.
 62912 | Abyss:1  | Found a corrupted altar of Lugonu.
 63004 | Abyss:2  | Found a corrupted altar of Lugonu.
 63130 | Abyss:4  | Reached skill level 1 in Summonings
 63268 | Abyss:4  | Got an abyssal rune of Zot
 63428 | Abyss:4  | Paralysed by you for 4 turns
 63573 | Abyss:5  | Gained mutation: You are covered in fur. (AC +1) [mutagenic
                  | glow]
 63671 | Abyss:5  | Found a corrupted altar of Lugonu.
 63678 | Abyss:5  | Noticed an ancient lich
 63694 | Abyss:5  | Slain by a bone dragon

Illustrated notes

Levels and vault maps discovered:
D:1:      lightli_arrival_noodles, layout_loops_ring
D:2:      layout_rooms, basic_ecumenical_altar
D:3:      layout_rooms, amethyst_overflow_temple_binary
D:4:      layout_basic, minmay_temple_entry_enclosed_plants
D:5:      layout_loops_ring, elyvilon_altar_5, kennysheep_slug_shrine,
          uniq_crazy_yiuf_cottage
D:6:      cheibrodos_thug_alley, layout_loops_corners, eino_curves_03
D:7:      layout_rooms
D:8:      layout_loops_ring, minmay_crossroads
D:9:      layout_rooms, grunt_decor_cap, nicolae_fountain_basement
D:10:     layout_roguey, minmay_orc_entry_guard_dogs, nzn_sisyphean_effort
D:11:     layout_long_grid, due_lair_maze_entry_diamond, uniq_snorg, uniq_grum,
          uniq_josephine
D:12:     layout_grid_maze, gammafunk_ghost_split, special_room
          [special_room_orc], minivault_16
D:13:     layout_loops_ring, hangedman_vaults_entry_quadrant_bands,
          gammafunk_ghost_necromancy
D:14:     layout_irregular_city, nicolae_wwwww
D:15:     hangedman_depths_entry_try_elsewhere_first, layout_rooms,
          muffindrake_ghost_dual_entry, minmay_crystal_room, uniq_jorgrun
Temple:   mainiacjoe_temple_bowtie_tessellation
Lair:1:   layout_cave_pods, grunt_megastairs_5, lemuel_fruit_fields, uniq_erica
Lair:2:   layout_regular_city, minmay_swamp_entry_worms, serial_bayou_ford_a
Lair:3:   lemuel_slime, layout_gridlike, spider_nest_entry_webs,
          serial_bayou_shore_b
Lair:4:   dreamdust_cave_troll, layout_cave_pods, gauntlet_entry_generic
Lair:5:   hellmonk_lair_end_abyssal_woods, layout_layer_cave, slime_entry_2,
          lemuel_fruit_tree
Swamp:1:  cheibrodos_swamp_tower_of_moss, layout_falls_marsh,
          hangedman_swamp_blocks, lemuel_altar_in_water,
          infiniplex_staircase_pool_2
Swamp:2:  layout_falls_marsh, nicolae_swamp_treefoil, swamp_pool1
Swamp:3:  layout_falls_marsh, serial_swamp_ruin, evilmike_swamp_ruin_house_3,
          evilmike_swamp_ruin_house_4, evilmike_swamp_ruin_rubble_1
Swamp:4:  swamp_alternative, layout_basic_swamp, gammafunk_ghost_mausoleum,
          swamp_pool4
Spider:1: layout_spider_delve
Spider:2: layout_spider_delve, beargit_elvish_explorers
Spider:3: nicolae_spider_mines_3, uniq_kirke
Spider:4: guppyfry_spider_rune, uniq_aizul
Slime:1:  layout_caves
Slime:2:  layout_caves
Slime:3:  layout_caves
Slime:4:  layout_caves
Slime:5
Orc:1:    layout_diamond_mine
Orc:2:    st_orc_congregation, layout_caves, portal_ice_cave_entry_pillars_2,
          kennysheep_orc_sif_temple
Vaults:1: nicolae_vaults_cornered_office, vaults_room_grunt_arrival_ludios,
          v_misc_16, hangedman_vaults_slither, vaults_room_door_hall, v_misc_22,
          nicolae_vaults_three_branches, dpeg_vaults_monster_row,
          ontoclasm_vaults_bender, nicolae_vaults_diamond_2, v_misc_13,
          v_misc_15, layout_vaults_maze_bifur
Vaults:2: nicolae_vaults_mitosis, grunt_vaults_bifocal,
          nicolae_vaults_triangles, nicolae_vaults_network_star,
          nicolae_vaults_apartment_1, minmay_crypt_entry_simple_box,
          hangedman_vaults_stitches, v_misc_29, v_misc_11,
          nicolae_vaults_tetromino_L_1, layout_vaults_big_cross, serial_shops,
          nicolae_shop_tiny_glass, nicolae_square_shop,
          nicolae_shop_real_fake_doors, shop, nicolae_shop_statue_plus
Vaults:3: portal_desolation_entry_salt, st_check, hangedman_vaults_unwind,
          nicolae_vaults_little_squares_2, nicolae_vaults_storage_closets_2,
          nicolae_vaults_trapezoid_3, nicolae_vaults_house_2,
          nicolae_vaults_shelves_hall, dpeg_vaults_monster_box,
          layout_vaults_omnigrid, serial_shops, nicolae_shop_just_a_little_nook
Vaults:4: nicolae_vaults_sesquioval_fish, hangedman_vaults_variations,
          v_alt_pattern_1, nicolae_vaults_spaceships,
          nicolae_vaults_stairing_the_circle, v_pattern_4,
          vaults_standard_mumra_enter_the_diamond, v_alt_pattern_1,
          nicolae_vaults_c_with_doors, nicolae_vaults_double_plus_1,
          layout_vaults_big_room, uniq_margery
Vaults:5
Depths:1: layout_cave_pools, enter_ziggurat_d, hell_entry,
          nicolae_qazlal_general_emergency, fiery_altar_vehumet
Depths:2: kennysheep_gozag_temple, layout_long_grid, hell_entry,
          rand_demon_pan_entry_9, hangedman_abyss_entry_splay,
          serial_bayou_shore_a
Depths:3: hangedman_cross_stitches, layout_small_grid, hell_entry,
          grunt_pan_entry_zigzag, nicolae_abyss_entry_one_way_or_another,
          hangedman_abyss_or_decor_lesser_grid, infiniplex_staircase_x
Depths:4: grunt_x_marks_the_spot, layout_cave_pools, hell_entry,
          solitary_fountain, minmay_misc_feat_room, kiku_gazebo_garden_becter,
          minmay_shop_grove
Abyss:5:  base: Slime:2, minivault_27, bh_abyss_exit_spiral,
          evilmike_abyss_exit_7, minivault_26, minivault_27,
          bh_silent_lugonu_exit

Skill      XL: |  1  2  3  4  5  6  7  8  9 10 11 12 13 14 15 16 17 18 19 20 21 22 23 24 |
---------------+-------------------------------------------------------------------------+-----
Ice Magic      | 4 5 6 7 8 10 11 12 13 15 16 17 18 19 20 | 20.8
Dodging        | 2 3 4 5 6 7 8 9 10 | 10.7
Stealth        | 2 3 4 5 6 7 |  7.6
Spellcasting   | 3 4 5 6 7 9 10 11 12 14 15 16 17 18 19 20 21 22 | 22.5
Armour         | 1 2 3 4 5 6 |  6.4
Hexes          | 1 2 3 4 |  4.5
Fighting       | 1 2 3 4 5 6 7 8 |  8.3
Staves         | 2 4 5 |  5.1
Conjurations   | 1 2 4 6 7 8 9 11 12 13 14 15 16 | 16.6
Transmutations | 1 4 6 7 8 9 12 14 15 | 15.2
Maces & Flails | 4 5 6 7 8 |  8.0
Evocations     | 1 |  1.1
Poison Magic   | 1 5 |  5.0
Shields        | 1 2 3 4 5 6 |  6.7
Air Magic      | 3 |  3.1
Polearms       | 3 5 6 |  6.2
Summonings     | 3 |  3.1
Short Blades   | |  0.8

Action                     |  1- 3 |  4- 6 |  7- 9 | 10-12 | 13-15 | 16-18 | 19-21 | 22-24 || total
---------------------------+-------+-------+-------+-------+-------+-------+-------+-------++-------
  Melee: Dagger            |    73 |    61 |       |       |       |       |       |       ||   134
         Headbutt          |       |     3 |    20 |    43 |    80 |   105 |   104 |   172 ||   527
         Quarterstaff      |       |       |   122 |    52 |       |       |       |       ||   174
         Great mace        |       |       |       |   169 |   312 |     7 |       |       ||   488
         Staff             |       |       |       |       |       |    58 |    59 |     4 ||   121
         Mace              |       |       |       |       |       |   216 |   178 |       ||   394
         Lance             |       |       |       |       |       |       |       |   491 ||   491
   Cast: Freeze            |    44 |    63 |    56 |   177 |   349 |   465 |   386 |   186 ||  1726
         Ensorcelled Hiber |       |    22 |    40 |    46 |     5 |     2 |       |       ||   115
         Hailstorm         |       |       |    19 |   101 |   161 |   241 |   170 |   139 ||   831
         Frozen Ramparts   |       |       |    17 |    60 |    64 |    73 |    49 |    35 ||   298
         Irradiate         |       |       |       |     2 |    61 |    97 |    71 |    68 ||   299
         Iskenderun's Batt |       |       |       |       |     6 |   147 |   182 |    96 ||   431
         Ozocubu's Refrige |       |       |       |       |     8 |    17 |    13 |     3 ||    41
         Orb of Destructio |       |       |       |       |       |     3 |   104 |   167 ||   274
         Polar Vortex      |       |       |       |       |       |       |       |    20 ||    20
         Dragon Form       |       |       |       |       |       |       |       |     1 ||     1
  Evoke: Wand              |       |       |     3 |    14 |     2 |     2 |       |     4 ||    25
    Use: Scroll            |       |       |     6 |     8 |    10 |    28 |     8 |    12 ||    72
         Potion            |       |       |     1 |     4 |     3 |    12 |     6 |     7 ||    33
   Stab: Sleeping          |     4 |    15 |    27 |    15 |     8 |     9 |     7 |     1 ||    86
         Distracted        |       |       |       |     2 |     2 |     1 |     2 |     4 ||    11
 Armour: Ring mail         |    45 |    33 |       |       |       |       |       |       ||    78
         Robe              |     1 |       |       |       |       |       |       |   239 ||   240
         Leather armour    |       |    19 |    91 |   186 |   396 |   367 |   206 |    27 ||  1292
         Skin              |       |       |       |    18 |       |       |       |       ||    18
         Troll leather arm |       |       |       |       |       |       |       |    44 ||    44
  Dodge: Dodged            |    56 |    57 |   104 |   446 |   877 |   829 |   435 |   558 ||  3362
  Block: Buckler           |       |       |       |       |       |   327 |   215 |   335 ||   877

Table legend: (Time is in decaauts)
 A = Elapsed time spent in this place.
 B = Non-inter-level travel time spent in this place.
 C = Inter-level travel time spent in this place.
 D = Time resting spent in this place.
 E = Time spent auto-exploring this place.
 F = Levels seen in this place.
 G = Mean time per level.
                   A        B        C        D        E       F      G
               +--------+--------+--------+--------+--------+-----+--------+
         Total |  63793 |  62560 |   1233 |  18266 |     89 |  52 | 1226.8 |
       Dungeon |  17757 |  16991 |    766 |   5441 |      0 |  15 | 1183.8 |
        Temple |    276 |    276 |      0 |      0 |      0 |   1 |  276.0 |
          Lair |   7986 |   7626 |    360 |   1417 |      0 |   5 | 1597.2 |
         Swamp |   4808 |   4754 |     54 |   1838 |      0 |   4 | 1202.0 |
   Spider Nest |   5916 |   5916 |      0 |   1865 |      0 |   4 | 1479.0 |
    Slime Pits |   3856 |   3856 |      0 |   1104 |     61 |   5 |  771.2 |
  Orcish Mines |   3705 |   3705 |      0 |   1148 |     28 |   2 | 1852.5 |
        Vaults |   9741 |   9741 |      0 |   2079 |      0 |   5 | 1948.2 |
        Depths |   6849 |   6797 |     52 |   2962 |      0 |   4 | 1712.2 |
         Abyss |    838 |    838 |      0 |     40 |      0 |   5 |  167.6 |
    Desolation |   1444 |   1444 |      0 |    207 |      0 |   1 | 1444.0 |
      Gauntlet |    611 |    611 |      0 |    164 |      0 |   1 |  611.0 |
               +--------+--------+--------+--------+--------+-----+--------+

Top non-repeatable levels by time:
Vaults:4: 2635 daAuts
   Orc:2: 2569 daAuts
  Lair:5: 2491 daAuts
Depths:3: 2161 daAuts
    D:15: 2091 daAuts
 Swamp:4: 2079 daAuts
Vaults:5: 2000 daAuts
Depths:2: 1943 daAuts
Vaults:2: 1905 daAuts
Vaults:3: 1780 daAuts
Spider:4: 1646 daAuts
  Lair:3: 1641 daAuts
    D:12: 1522 daAuts
Spider:3: 1485 daAuts
Depths:4: 1485 daAuts
